 Dungeon Crawl Stone Soup version 0.14-a0-1585-g835621a (webtiles) character file.

810 Mitsuki the Covert (level 7, -6/32 HPs)
             Began as a Spriggan Enchanter on Dec 22, 2013.
             Mangled by an ogre
             ... wielding a +0,+0 giant club
              (27 damage)
             ... on Level 3 of the Dungeon.
             The game lasted 00:35:21 (4385 turns).

Mitsuki the Covert (Spriggan Enchanter)             Turns: 4385, Time: 00:35:21

HP  -6/32        AC  4     Str  6      XL: 7   Next: 20%
MP   2/21        EV 19     Int 16      God:
Gold 200         SH  0     Dex 17      Spells:  4 memorised,  4 levels left

rFire  . . .     SeeInvis +     a - +2,+1 dagger
rCold  . . .     Clarity  .     i - +2 robe {MR+}
rNeg   . . .     Conserve .     (shield restricted)
rPois  .         rCorr    .     (helmet restricted)
rElec  .         rRot     .     (no cloak)
SustAb . .       Spirit   .     (gloves unavailable)
rMut   .         Warding  .     (boots unavailable)
Saprov . . .     Stasis   .     (no amulet)
                                (no ring)
                                o - ring of teleport control

@: very slightly contaminated, very quick, quite resistant to hostile
enchantments, very stealthy
A: unfitting armour, see invisible, herbivore 3, speed 3, slow metabolism 2
a: Evoke Teleport Control


You were on level 3 of the Dungeon.
You were not hungry.

You visited 1 branch of the dungeon, and saw 4 of its levels.

You collected 200 gold pieces.

Inventory:

Hand weapons
 a - a +2,+1 dagger (weapon)
Missiles
 d - 3 darts (quivered)
Armour
 i - a +2 robe of magic resistance (worn)
Magical devices
 h - a wand of fireball (4) {unknown}
Comestibles
 j - 3 bread rations
 k - 11 sultanas
Scrolls
 b - a scroll of identify {unknown}
 m - a scroll of blinking
 n - a scroll of remove curse
 p - a scroll of enchant weapon I
Jewellery
 o - a ring of teleport control (left hand)
Potions
 e - a potion of porridge
 f - a potion of agility
 g - a potion of curing
 l - 4 potions of heal wounds
Books
 c - a book of Maledictions

   Spells                             Type                      Level
   *Corona                            Hexes                        1
   Sure Blade                         Hexes/Charms                 2
   *Ensorcelled Hibernation           Hexes/Ice                    2
   *Confuse                           Hexes                        3
   *Enslavement                       Hexes                        4
   Invisibility                       Hexes                        6
 q - a book of Power

   Spells                             Type                      Level
   Iskenderun's Mystic Blast          Conjuration                  4
   Venom Bolt                         Conjuration/Poison           5
   Bolt of Magma                      Conjuration/Fire/Earth       5
   Fulminant Prism                    Conjuration/Hexes            5
   Iron Shot                          Conjuration/Earth            6
   Orb of Destruction                 Conjuration                  7


   Skills:
 * Level 3.8 Short Blades
 - Level 1.1 Throwing
 - Level 3.5 Dodging
 - Level 8.2 Stealth
 + Level 4.3 Spellcasting
 * Level 5.1 Hexes
 + Level 1.2 Ice Magic


You had 4 spell levels left.
You knew the following spells:

 Your Spells              Type           Power        Failure   Level  Hunger
a - Corona                Hex            ###....      1%          1    None
b - Ensorcelled Hibernat  Hex/Ice        ##....       10%         2    ##.....
c - Confuse               Hex            ###.....     8%          3    ###....
d - Enslavement           Hex            ###.....     21%         4    ####...


Dungeon Overview and Level Annotations

Branches:
Dungeon (4/16)
 Temple: D:4-7

Altars:
Makhleb
Nemelex Xobeh
Okawaru
Sif Muna

Annotations:
D:3 HollowCharge's ghost, average OgGl; Sigmund


Innate Abilities, Weirdness & Mutations

You are tiny and cannot use many weapons and most armour.
You have supernaturally acute eyesight.
You are a herbivore.
You cover ground extremely quickly.
You need consume almost no food.


Message History

Aim: an ogre, wielding a giant club (lightly wounded)
You throw a dart. The dart hits the ogre.
The ogre is lightly wounded.
Throwing (i - inventory):
d - 4 darts (quivered)
Press: ? - help, Shift-Dir - straight line, f/p - ogre
Aim: an ogre, wielding a giant club (lightly wounded)
You throw a dart. The dart hits the ogre.
The ogre is lightly wounded.
Casting: Ensorcelled Hibernation
Confirm with . or Enter, or press ? or * to list all spells.
Aiming: Ensorcelled Hibernation
Press: ? - help, Shift-Dir - straight line, f/p - ogre
Aim: an ogre, wielding a giant club (lightly wounded)
You miscast Ensorcelled Hibernation.
You feel a strange surge of energy!
You see here an uncursed dagger.
You hit the ogre.
The ogre is moderately wounded.
The ogre hits you with a giant club!
Ouch! That really hurt!
You die...

#..........................#
#.......##...#####.........#
#.......##......###.......#
#.#...####.............#
#.#...#######%.........##
............(.(........<#
#.#...#...####)...#.....#
......#...# #....#.#...#
......##### #..@.#.#####
.....## #####).O>#.# ..####
#...#......#### ..#
#.............# #.#
#......%......# ..#
###....#(#....# ..#
#...####.#....### ..# #...##
#(........ #.#
#....###(........


You could see an ogre.

Vanquished Creatures
  Eustachio (D:4)
  Duvessa (D:4)
  2 ogres (D:4)
  Dowan (D:4)
  2 iguanas (D:4)
  A scorpion (D:4)
  A worker ant (D:4)
  Jessica (D:2)
  6 adders
  A giant mite (D:4)
  A worm (D:2)
  A giant eyeball (D:4)
  3 giant geckos
  9 orcs (D:3)
  2 ball pythons
  9 bats
  A bat skeleton (D:4)
  8 hobgoblins
  6 kobolds
  2 quokkas
  2 giant cockroaches
  3 giant newts
  7 goblins
  A goblin skeleton (D:4)
  2 jackals (D:1)
  4 rats
78 creatures vanquished.

Notes
Turn   | Place    | Note
--------------------------------------------------------------
     0 | D:1      | Mitsuki, the Spriggan Enchanter, began the quest for the Orb.
     0 | D:1      | Reached XP level 1. HP: 9/9 MP: 4/4
   264 | D:1      | Reached XP level 2. HP: 10/13 MP: 7/7
   269 | D:1      | Learned a level 2 spell: Ensorcelled Hibernation
   469 | D:1      | Reached skill level 4 in Hexes
   784 | D:2      | Reached XP level 3. HP: 16/16 MP: 5/9
  1087 | D:2      | Found a deep blue altar of Sif Muna.
  1351 | D:2      | Found a burning altar of Makhleb.
  1509 | D:3      | Noticed HollowCharge's ghost (average OgGl)
  1516 | D:3      | Learned a level 3 spell: Confuse
  1518 | D:3      | Noticed Sigmund
  1572 | D:3      | Noticed an ogre
  1907 | D:3      | Noticed Jessica
  1931 | D:2      | Killed Jessica
  1931 | D:2      | Reached XP level 4. HP: 9/21 MP: 2/13
  2331 | D:3      | Reached skill level 5 in Stealth
  2531 | D:3      | HP: 1/21 [HollowCharge's ghost (9)]
  2856 | D:4      | Noticed Dowan
  2864 | D:4      | Noticed Duvessa
  2866 | D:4      | Noticed an ogre
  3279 | D:4      | Reached XP level 5. HP: 24/24 MP: 13/16
  3298 | D:4      | Reached skill level 6 in Stealth
  3330 | D:4      | Noticed Eustachio
  3333 | D:4      | Found an iron altar of Okawaru.
  3355 | D:4      | Killed Eustachio
  3355 | D:4      | Reached skill level 7 in Stealth
  3355 | D:4      | Reached XP level 6. HP: 28/28 MP: 15/18
  3377 | D:4      | Found a sparkling altar of Nemelex Xobeh.
  3408 | D:4      | Killed an ogre
  3408 | D:4      | Reached skill level 8 in Stealth
  3780 | D:4      | Noticed an ogre
  3785 | D:4      | Killed an ogre
  3785 | D:4      | Reached skill level 1 in Ice Magic
  3785 | D:4      | Reached XP level 7. HP: 32/32 MP: 16/21
  3792 | D:4      | Learned a level 4 spell: Enslavement
  4039 | D:4      | Killed Dowan
  4039 | D:4      | Reached skill level 5 in Hexes
  4076 | D:4      | Killed Duvessa
  4385 | D:3      | Mangled by an ogre

Action                   |  1- 3 |  4- 6 |  7- 9 || total
-------------------------+-------+-------+-------++-------
Melee: Dagger            |   130 |    91 |    17 ||   238
Throw: Dart              |       |    26 |     4 ||    30
 Cast: Corona            |     3 |     1 |       ||     4
       Ensorcelled Hiber |    27 |    20 |    14 ||    61
       Confuse           |     2 |     4 |       ||     6
       Enslavement       |       |       |     4 ||     4
  Use: Scroll            |     5 |     4 |     4 ||    13
       Potion            |     6 |       |       ||     6
 Stab: Sleeping          |    18 |    18 |     8 ||    44
       Confused          |     1 |     1 |       ||     2
       Distracted        |       |     1 |       ||     1
